Map: Acid Plant LE

Players

MAKSV - Winner!

  • Race: Protoss Protoss
  • League: Silver
  • Spawn Location: 11:00

Infamous

  • Race: Protoss Protoss
  • League: Silver
  • Spawn Location: 5:00

VOD

Have the link to the VOD?

Description

Time

  • Played on: March 19, 2018, 7:54 p.m.
  • Length: 14:58
Show
View Real Time Build Order
Export as new Build Order

MAKSV Protoss - Winner!

Build Orders:  

Get SALT Encoding   

  12  0:02  Probe (Chrono Boost)  
  13  0:11  Probe (Chrono Boost)  
  14  0:16  Probe (Chrono Boost)  
  15  0:35  Pylon  
  15  0:51  Assimilator  
  15  0:53  Probe  
  15  0:54  Assimilator  
  16  1:05  Probe  
  16  1:06  Pylon  
  16  1:10  Pylon  
  17  1:17  Pylon, Probe  
  18  1:30  Probe  
  19  1:42  Probe  
  20  1:54  Probe  
  21  2:03  Gateway  
  21  2:06  Probe, Nexus  
  22  2:17  Assimilator  
  22  2:21  Probe (Chrono Boost)  
  23  2:31  Probe (Chrono Boost)  
  23  2:36  Probe (Chrono Boost)  
  24  2:41  Gateway  
  25  2:46  Pylon  
  25  2:47  Probe  
  25  2:51  Forge  
  26  3:13  Zealot  
  28  3:21  Pylon  
  28  3:27  Photon Cannon  
  28  3:31  Photon Cannon  
  28  3:40  Photon Cannon  
  28  3:44  Zealot x2 (Chrono Boost)  
  33  3:48  Probe  
  33  3:57  Pylon  
  33  4:00  Probe  
  32  4:16  Zealot (Chrono Boost)  
  32  4:17  Zealot (Chrono Boost)  
  36  4:21  Probe  
  37  4:27  Protoss Ground Weapons Level 1  
  37  4:33  Probe  
  37  4:37  Zealot  
  37  4:38  Zealot  
  42  4:45  Probe (Chrono Boost)  
  43  4:58  Probe (Chrono Boost)  
  44  5:01  Nexus  
  44  5:03  Probe (Chrono Boost)  
  45  5:11  Cybernetics Core  
  45  5:12  Probe (Chrono Boost)  
  46  5:24  Probe (Chrono Boost)  
  45  5:29  Probe (Chrono Boost)  
  40  5:38  Probe  
  41  5:45  Zealot  
  41  5:46  Zealot  
  45  5:50  Probe  
  45  5:52  Assimilator  
  46  6:00  Assimilator  
  46  6:02  Probe  
  47  6:06  Stargate  
  47  6:10  Stargate  
  47  6:12  Stargate  
  47  6:16  Probe (Chrono Boost)  
  49  6:19  Probe (Chrono Boost)  
  51  6:26  Probe x2 (Chrono Boost), Protoss Ground Armor Level 1  
  51  6:29  Probe (Chrono Boost)  
  51  6:30  Zealot x2  
  51  6:31  Probe (Chrono Boost)  
  57  6:32  Probe  
  57  6:39  Probe  
  59  6:42  Probe  
  59  6:43  Pylon  
  59  6:45  Probe, Pylon  
  61  6:54  Probe  
  61  6:55  Assimilator  
  61  6:57  Probe  
  63  7:06  Probe  
  64  7:09  Probe  
  64  7:10  Assimilator  
  65  7:16  Void Ray x2 (Chrono Boost)  
  65  7:17  Void Ray (Chrono Boost)  
  65  7:18  Probe  
  65  7:20  Zealot x2  
  82  7:29  Fleet Beacon  
  82  7:31  Probe  
  83  7:43  Probe  
  84  7:52  Void Ray x2 (Chrono Boost)  
  84  7:55  Probe  
  93  8:16  Pylon  
  93  8:20  Protoss Shields Level 1, Pylon  
  93  8:23  Pylon, Probe x2  
  91  8:28  Pylon  
  91  8:29  Void Ray  
  91  8:31  Pylon  
  87  8:35  Probe x2  
  87  8:36  Zealot x2 (Chrono Boost)  
  89  8:48  Probe x2  
  91  8:54  Zealot x2  
  91  9:00  Probe x2  
  97  9:12  Probe, Photon Cannon  
  97  9:13  Photon Cannon  
  97  9:15  Tempest x3  
  116  9:27  Photon Cannon  
  116  9:29  Pylon  
  116  9:39  Nexus  
  116  9:44  Robotics Facility  
  116  9:48  Robotics Facility  
  116  9:51  Pylon  
  116  9:58  Tempest x2  
  128  10:05  Pylon  
  128  10:07  Pylon  
  128  10:09  Tempest  
  128  10:10  Pylon  
  128  10:13  Pylon  
  128  10:19  Probe  
  122  10:23  Mothership  
  130  10:31  Probe  
  131  10:43  Probe  
  132  10:55  Probe  
  133  10:58  Pylon  
  133  11:02  Pylon  
  133  11:07  Pylon  
  133  11:08  Probe  
  134  11:15  Probe  
  135  11:23  Carrier x3 (Chrono Boost)  
  135  11:24  Graviton Catapult  
  135  11:27  Probe  
  154  11:39  Probe  
  155  11:48  Probe  
  155  11:51  Probe  
  157  12:00  Probe  
  159  12:12  Probe  
  159  12:14  Zealot x2  
  155  12:24  Probe, Photon Cannon  
  155  12:26  Photon Cannon  
  155  12:28  Photon Cannon  
  156  12:36  Probe  
  157  12:41  Zealot x2  
  157  12:42  Carrier  
  165  12:51  Carrier x2  
  163  13:14  Pylon  
  163  13:16  Pylon  
  163  13:18  Pylon  
  171  13:38  Pylon  
  171  13:39  Pylon  
  171  13:42  Pylon  
Show
View Real Time Build Order
Export as new Build Order

Infamous Protoss 

Build Orders:  

Get SALT Encoding   

  12  0:01  Probe  
  13  0:13  Probe  
  14  0:19  Pylon  
  14  0:28  Probe  
  15  0:37  Gateway  
  15  0:41  Probe  
  16  0:53  Probe  
  17  0:57  Assimilator  
  17  1:34  Zealot  
  19  1:43  Probe  
  19  1:55  Cybernetics Core  
  19  1:56  Gateway  
  19  1:58  Gateway  
  19  1:59  Probe (Chrono Boost)  
  20  2:01  Zealot (Chrono Boost)  
  23  2:09  Probe (Chrono Boost)  
  23  2:21  Pylon  
  23  2:29  Warp Gate (Chrono Boost)  
  23  2:39  Probe, Pylon, Zealot (Chrono Boost)  
  26  2:45  Robotics Facility  
  26  2:52  Probe  
  27  3:04  Stalker  
  29  3:09  Assimilator  
  29  3:16  Probe  
  30  3:20  Stalker  
  32  3:29  Probe  
  33  3:45  Observer  
  34  3:49  Probe  
  35  4:02  Pylon  
  35  4:04  Nexus  
  35  4:06  Pylon  
  29  4:27  Immortal (Chrono Boost), Gateway  
  33  4:34  Probe  
  34  4:49  Stalker  
  34  4:51  Sentry x2  
  40  4:57  Gateway  
  40  4:59  Gateway  
  40  5:04  Forge  
  40  5:07  Shield Battery  
  40  5:11  Probe  
  41  5:16  Shield Battery  
  41  5:37  Pylon  
  41  5:39  Pylon, Probe (Chrono Boost)  
  43  5:44  Immortal (Chrono Boost), Probe (Chrono Boost)  
  47  5:57  Probe  
  47  5:58  Probe, Pylon  
  49  6:17  Photon Cannon  
  49  6:19  Probe  
  49  6:20  Probe  
  49  6:22  Photon Cannon  
  51  6:32  Twilight Council  
  51  6:36  Stalker  
  51  6:37  Stalker  
  55  6:40  Sentry  
  55  6:41  Sentry  
  59  6:55  Probe (Chrono Boost)  
  59  6:57  Immortal (Chrono Boost)  
  59  7:00  Probe (Chrono Boost)  
  65  7:07  Shield Battery  
  65  7:09  Probe (Chrono Boost), Pylon  
  65  7:10  Probe (Chrono Boost)  
  67  7:27  Immortal (Chrono Boost)  
  71  7:34  Zealot x3  
  71  7:35  Zealot  
  79  7:48  Probe x2  
  81  7:55  Sentry  
  81  7:56  Sentry, Assimilator  
  81  7:57  Sentry  
  87  7:58  Zealot  
  87  7:59  Zealot  
  87  8:00  Assimilator  
  91  8:07  Warp Prism (Chrono Boost)  
  81  8:40  Stalker  
  81  8:41  Stalker x4  
  67  9:09  Stalker  
  69  9:10  Stalker x2  
  73  9:18  Probe x2  
  75  9:26  Immortal (Chrono Boost)  
  75  9:30  Probe x2  
  81  9:41  Forge  
  81  9:49  Photon Cannon  
  81  9:56  Adept  
  81  9:57  Adept x3  
  89  10:18  Stalker x2  
  89  10:20  Sentry  
  87  10:31  Stalker x3  
  91  10:46  Protoss Ground Armor Level 1 (Chrono Boost)  
  91  10:48  Stalker  
  93  10:58  Pylon  
  93  11:04  Blink (Chrono Boost)  
  93  11:05  Pylon  
  93  11:10  Protoss Ground Weapons Level 1 (Chrono Boost)  
  93  11:18  Stalker  
  95  11:19  Sentry  
  95  11:20  Sentry x2  
  101  11:46  Immortal (Chrono Boost)  
  105  11:54  Pylon  
  105  11:58  Probe  
  105  11:59  Probe  
  107  12:31  Stalker x5  
  77  12:59  Stalker x4  
  77  13:00  Stalker x2  
  81  13:19  Nexus  
  67  13:23  Stalker x2  
  67  13:24  Stalker x2  
  67  13:25  Sentry x2  
  71  13:32  Probe x2  
  73  13:37  Warp Prism (Chrono Boost)  
  75  13:49  Stalker  
  75  13:51  Sentry  
  75  13:52  Sentry  
  81  13:59  Stalker  
  83  14:04  Stalker  
  83  14:08  Probe  
  83  14:09  Probe  
  85  14:19  Stalker  
  85  14:22  Sentry  
  59  14:46  Stalker x2  
Tags
 
Matchup
PvP
Replay Pack
Last Remnant (2)
Spawn Locations
Cross Positions
Add a new tag
Caveats
  • Supply blocks, unpowered buildings, or Contaminate may cause inaccurate times.
  • Supply counts are checked every 10 seconds.